[Event "Titled Tuesday Blitz May 9 Early 2023"]
[White "Domingo Nunez, Ruben"]
[Black "Visakh N R"]
[WhiteFideId "22245570"]
[BlackFideId "25012223"]
[WhiteElo "2404"]
[BlackElo "2466"]
[Result "1-0"]
[Round "07"]
[TimeControl "180+2"]
[Date "2023.05.09"]
[WhiteClock "0:00:21"]
[BlackClock "0:00:03"]

1. b3 g6 2. Bb2 Nf6 3. Nf3 Bg7 4. e3 O-O 5. Be2 b6 6. O-O Bb7 7. c4 c5 8. Nc3 d6 9. d4 Ne4 10. Qc2 Nxc3 11. Bxc3 Nd7 12. d5 Nf6 13. a4 a5 14. e4 e5 15. dxe6 fxe6 16. e5 Ne4 17. Bb2 dxe5 18. Rad1 Qc7 19. Bd3 Rxf3 20. Bxe4 Rf7 21. Bxb7 Qxb7 22. Rd6 Re8 23. Qe2 e4 24. Bxg7 Rxg7 25. Rfd1 Rf7 26. Qg4 Ref8 27. Qxe6 Qe7 28. Qxe7 Rxe7 29. Re1 Rb8 30. f3 e3 31. Kf1 Kf7 32. Ke2 Rbb7 33. Red1 Kg7 34. R1d3 Kf7 35. Rc6 Re6 36. Rdd6 Rxd6 37. Rxd6 Ke7 38. Rc6 Kd7 39. Rf6 Ke7 40. Rf4 Rd7 41. Re4+ Kf6 42. Rxe3 Rd8 43. Rd3 Re8+ 44. Kf2 Re6 45. Rd7 h5 46. h4 Ke5 47. Rd5+ Kf6 48. g4 hxg4 49. fxg4 Kf7 50. Rd7+ Ke8 51. Rb7 Rf6+ 52. Ke3 Kf8 53. Ke4 Re6+ 54. Kd5 Rf6 55. Ke5 Rc6 56. Kf4 Kg8 57. Kg5 Re6 58. Kh6 Kf8 59. g5 Rd6 60. h5 gxh5+ 61. g6 h4 62. Kh7 1-0


[Site "https://www.chess.com"]

[Event "Titled Tuesday Blitz May 9 Early 2023"]
[White "Sharapov, Evgeny"]
[Black "Peng, Li Min"]
[WhiteFideId "14103133"]
[BlackFideId "14112620"]
[WhiteElo "2367"]
[BlackElo "2436"]
[Result "0-1"]
[Round "07"]
[TimeControl "180+2"]
[Date "2023.05.09"]
[WhiteClock "0:00:01"]
[BlackClock "0:00:10"]

1. c4 e6 2. Nc3 d5 3. cxd5 exd5 4. d4 c6 5. Nf3 Bf5 6. Bf4 Qb6 7. Qd2 Nf6 8. a3 Nbd7 9. e3 Nh5 10. Bg3 Nxg3 11. hxg3 h6 12. Be2 Be7 13. O-O Nf6 14. Ne5 O-O 15. b4 a6 16. Rac1 Bd6 17. f4 Qc7 18. g4 Bh7 19. g5 hxg5 20. fxg5 Ne4 21. Nxe4 Bxe4 22. Nf3 Rae8 23. Bd3 Bg3 24. Bxe4 Rxe4 25. g6 f6 26. Qe2 Rfe8 27. Ne5 Rh4 28. Nf3 Rh6 29. Qd3 Bh2+ 30. Nxh2 Qxh2+ 31. Kf2 Rh3 32. Rce1 Qg3+ 33. Kg1 Qh2+ 34. Kf2 Re4 35. Rg1 Qg3+ 36. Kf1 Rh5 37. Ke2 Qxg6 38. Ref1 Rg5 39. Rf2 Rg3 40. Rf3 Rxg2+ 41. Rxg2 Qxg2+ 42. Rf2 Qg4+ 43. Kd2 Qg1 44. Re2 Qa1 45. Qb3 Qf1 46. a4 Qf5 47. b5 axb5 48. axb5 Qd7 49. bxc6 Qxc6 50. Kd3 Qa6+ 51. Kd2 Qa5+ 52. Kd3 Re7 53. Ra2 Qd8 54. Ra7 Qd7 55. Ra8+ Kf7 56. Qd1 Qb5+ 57. Kd2 Qb2+ 58. Kd3 Qb5+ 59. Kd2 Qb4+ 60. Kd3 Qc4+ 61. Kd2 g6 62. Qg4 Qb4+ 63. Kd3 Qb3+ 64. Kd2 Qxe3+ 65. Kc2 Qe2+ 66. Kb3 Qxg4 0-1


[Site "https://www.chess.com"]

[Event "Titled Tuesday Blitz May 9 Early 2023"]
[White "Djordjevic, Vuk"]
[Black "Omranalhosani21"]
[WhiteFideId "902098"]
[WhiteElo "2452"]
[BlackElo "2595"]
[Result "1-0"]
[Round "07"]
[TimeControl "180+2"]
[Date "2023.05.09"]
[WhiteClock "0:00:07"]
[BlackClock "0:00:12"]

1. e4 e5 2. Nf3 Nc6 3. d4 exd4 4. Nxd4 Nf6 5. Nxc6 bxc6 6. Bd3 d6 7. O-O Be7 8. b3 O-O 9. Bb2 c5 10. Nd2 Re8 11. f4 Ng4 12. Qf3 Bf6 13. e5 dxe5 14. Qxa8 e4 15. Bxf6 Qxf6 16. Nxe4 Qd4+ 17. Nf2 Nxf2 18. Rxf2 Qxa1+ 19. Bf1 Qxa2 20. Qc6 Rf8 21. Qxc5 g6 22. Bd3 Be6 23. f5 gxf5 24. Bxf5 Qa1+ 25. Rf1 Qg7 26. Qxa7 Kh8 27. Bxe6 fxe6 28. Rxf8+ Qxf8 29. Qxc7 Qb4 30. Qe5+ Kg8 31. Qxe6+ Kf8 32. Qc8+ Ke7 33. Qc7+ Ke8 34. Qe5+ Kf7 35. Qf5+ Kg7 36. Qg5+ Kh8 37. Qe5+ Kg8 38. Qg3+ Kf7 39. h3 Qd2 40. Qf2+ 1-0


[Site "https://www.chess.com"]

[Event "Titled Tuesday Blitz May 9 Early 2023"]
[White "Bruedigam, Martin"]
[Black "Kvaloy, Aksel Bu"]
[WhiteFideId "24608033"]
[BlackFideId "1528815"]
[WhiteElo "2331"]
[BlackElo "2242"]
[Result "0-1"]
[Round "07"]
[TimeControl "180+2"]
[Date "2023.05.09"]
[WhiteClock "0:00:06"]
[BlackClock "0:01:00"]

1. d4 Nf6 2. c4 e6 3. Nc3 Bb4 4. Bd2 O-O 5. Nf3 d5 6. e3 b6 7. cxd5 exd5 8. Rc1 Bb7 9. Bd3 a6 10. O-O Bd6 11. Ne5 c5 12. Ng4 Re8 13. Nxf6+ Qxf6 14. dxc5 bxc5 15. Ne2 Nc6 16. Ng3 d4 17. Ne4 Rxe4 18. Bxe4 Qe5 19. Bxh7+ Kxh7 20. f4 Qe4 21. Qf3 Qxf3 22. gxf3 dxe3 23. Bxe3 Nd4 24. Kf2 Re8 25. Rfd1 Nf5 26. Bxc5 Bxf4 27. Rc4 Be5 28. Rd7 Bc6 29. Ra7 Bb8 30. Rxf7 Bd5 31. Rxf5 Bxc4 32. b3 Re2+ 33. Kf1 Re5+ 0-1


[Site "https://www.chess.com"]

[Event "Titled Tuesday Blitz May 9 Early 2023"]
[White "Matinian, Nikita"]
[Black "Tang, Andrew"]
[WhiteFideId "24129100"]
[BlackFideId "2059630"]
[WhiteElo "2422"]
[BlackElo "2596"]
[Result "0-1"]
[Round "07"]
[TimeControl "180+2"]
[Date "2023.05.09"]
[WhiteClock "0:00:00"]
[BlackClock "0:01:05"]

1. e4 e5 2. Nf3 Nc6 3. Bb5 g6 4. c3 a6 5. Bxc6 dxc6 6. O-O Bg7 7. d4 exd4 8. cxd4 Ne7 9. h3 O-O 10. Nc3 h6 11. Re1 Kh7 12. Bf4 g5 13. Bxg5 hxg5 14. Nxg5+ Kg6 15. Nf3 Bh6 16. Ne5+ Kg7 17. d5 cxd5 18. exd5 Ng6 19. Ng4 Bf4 20. Qd4+ f6 21. Rad1 Be5 22. Nxe5 fxe5 23. Rxe5 Nxe5 24. Qxe5+ Qf6 25. Qxc7+ Kh8 26. Ne4 Qg6 27. Qe5+ Kg8 28. Rd3 Bg4 29. Re3 Bf3 30. Ng3 Rae8 31. Qd4 Rxe3 32. Qxe3 Bxd5 33. Kh2 Bc6 34. f4 Qf6 35. Nh5 Qxb2 36. Qg3+ Kf7 37. Qg5 Be4 38. Qg7+ Qxg7 0-1


[Site "https://www.chess.com"]

[Event "Titled Tuesday Blitz May 9 Early 2023"]
[White "Csonka, Balazs"]
[Black "Nikologorskiy, Konstantin"]
[WhiteFideId "742910"]
[BlackFideId "24111708"]
[WhiteElo "2404"]
[BlackElo "2273"]
[Result "1-0"]
[Round "07"]
[TimeControl "180+2"]
[Date "2023.05.09"]
[WhiteClock "0:00:24"]
[BlackClock "0:00:15"]

1. d4 Nf6 2. c4 e6 3. Nc3 Bb4 4. e3 O-O 5. a3 Bxc3+ 6. bxc3 c5 7. Ne2 b6 8. Ng3 Ba6 9. e4 Ne8 10. Bd3 Nc6 11. Be3 d6 12. O-O Na5 13. Qe2 Rc8 14. d5 exd5 15. cxd5 Bxd3 16. Qxd3 g6 17. f4 Ng7 18. f5 Re8 19. f6 Nh5 20. Nxh5 gxh5 21. Bh6 h4 22. Rf5 Re5 23. Qf3 Kh8 24. Bg7+ Kg8 25. Qg4 Rxe4 26. Qxe4 Qe8 27. Qg4 Qe3+ 28. Rf2 Qd3 29. Qxc8# 1-0


[Site "https://www.chess.com"]

[Event "Titled Tuesday Blitz May 9 Early 2023"]
[White "Mortazavi, Ali"]
[Black "Rozman, Levy"]
[WhiteFideId "401323"]
[BlackFideId "2039877"]
[WhiteElo "2339"]
[BlackElo "2376"]
[Result "0-1"]
[Round "07"]
[TimeControl "180+2"]
[Date "2023.05.09"]
[WhiteClock "0:00:04"]
[BlackClock "0:00:39"]

1. Nf3 g6 2. e4 Bg7 3. d4 d6 4. Nc3 a6 5. Be3 b5 6. Bd3 e6 7. Ne2 Bb7 8. Ng3 Nd7 9. c3 Ne7 10. Qd2 h6 11. a4 c6 12. O-O Nf6 13. h3 Qc7 14. b4 Kf8 15. e5 Nfd5 16. exd6 Qxd6 17. Ne4 Qc7 18. Nc5 Kg8 19. Rfe1 Kh7 20. h4 Nf5 21. h5 Rhe8 22. hxg6+ fxg6 23. Qc2 Bf8 24. Bd2 Bxc5 25. bxc5 Rad8 26. g4 Nfe7 27. Ne5 Rg8 28. Kg2 Kg7 29. Rh1 Rh8 30. Rh3 Rdf8 31. Qc1 g5 32. Bxg5 Ng8 33. Bd2 Qe7 34. Qe1 Nf4+ 35. Bxf4 Rxf4 36. Qe3 Qg5 37. f3 h5 38. Ng6 hxg4 39. Rxh8 gxf3+ 40. Kf1 Qg2+ 41. Ke1 f2+ 42. Kd1 f1=Q+ 43. Bxf1 Rxf1+ 44. Qe1 Rxe1+ 45. Kxe1 Qg1+ 46. Kd2 Qxa1 47. Rh3 0-1


[Site "https://www.chess.com"]

[Event "Titled Tuesday Blitz May 9 Early 2023"]
[White "Klukin, Kirill"]
[Black "Sousa, Andre Ventura"]
[WhiteFideId "24199273"]
[BlackFideId "1917617"]
[WhiteElo "2344"]
[BlackElo "2333"]
[Result "0-1"]
[Round "07"]
[TimeControl "180+2"]
[Date "2023.05.09"]
[WhiteClock "0:01:02"]
[BlackClock "0:02:07"]

1. e4 e5 2. Nf3 Nc6 3. Bc4 Nf6 4. Ng5 d5 5. exd5 Na5 6. Bb5+ c6 7. dxc6 bxc6 8. Bd3 Nd5 9. Nf3 Bd6 10. O-O O-O 11. Nc3 f5 12. Nxd5 cxd5 13. b4 Nc6 14. b5 Ne7 15. Be2 e4 16. Nd4 f4 17. Bg4 f3 18. Be6+ Bxe6 19. Nxe6 Qc8 20. Re1 Qxe6 21. Qxf3 Rxf3 0-1


[Site "https://www.chess.com"]

[Event "Titled Tuesday Blitz May 9 Early 2023"]
[White "MKlose11"]
[Black "Wagner, Dennis"]
[BlackFideId "24650684"]
[WhiteElo "2583"]
[BlackElo "2478"]
[Result "1-0"]
[Round "07"]
[TimeControl "180+2"]
[Date "2023.05.09"]
[WhiteClock "0:00:24"]
[BlackClock "0:00:10"]

1. e4 c5 2. Nc3 Nc6 3. g3 g6 4. Bg2 Bg7 5. d3 d6 6. f4 e6 7. Be3 Nge7 8. Nf3 Nd4 9. O-O O-O 10. Nh4 Rb8 11. Qd2 b5 12. Nd1 b4 13. c3 bxc3 14. bxc3 Ndc6 15. f5 exf5 16. exf5 gxf5 17. Bh6 Ne5 18. Bxg7 Kxg7 19. Ne3 N5g6 20. Nhxf5+ Nxf5 21. Nxf5+ Bxf5 22. Rxf5 Qd7 23. Raf1 Rbe8 24. Bd5 f6 25. Rh5 Re5 26. Qh6+ Kh8 27. Qxg6 Rxd5 28. Rxf6 Rg8 29. Rf7 Rxg6 30. Rhxh7+ Kg8 31. Rxd7 Rxd3 32. Rxa7 Rd2 33. Rhe7 Rf6 34. Re8+ Rf8 35. Rxf8+ Kxf8 36. a4 Ke8 37. a5 Kd8 38. a6 Ra2 39. h4 d5 40. h5 d4 41. cxd4 cxd4 42. h6 Ra5 43. h7 Rh5 44. Ra8+ Kc7 45. h8=Q Rxh8 46. Rxh8 d3 47. Kf2 d2 48. Ke2 d1=Q+ 49. Kxd1 Kb6 50. Rh6+ Ka7 51. Rf6 Ka8 52. g4 Ka7 53. g5 1-0


[Site "https://www.chess.com"]

[Event "Titled Tuesday Blitz May 9 Early 2023"]
[White "HamedWafa4"]
[Black "Cherniaiev, Tykhon"]
[BlackFideId "14182360"]
[WhiteElo "2546"]
[BlackElo "2450"]
[Result "1/2-1/2"]
[Round "07"]
[TimeControl "180+2"]
[Date "2023.05.09"]
[WhiteClock "0:00:05"]
[BlackClock "0:00:03"]

1. e4 e5 2. Nf3 Nc6 3. Bb5 Nge7 4. Nc3 a6 5. Bc4 Ng6 6. d3 Bc5 7. h4 h6 8. h5 Nf8 9. Be3 Bxe3 10. fxe3 d6 11. a3 Be6 12. Nd5 Nd7 13. Qe2 Nf6 14. O-O-O Qd7 15. Nxf6+ gxf6 16. Bxe6 Qxe6 17. Kb1 O-O-O 18. c4 f5 19. exf5 Qxf5 20. e4 Qe6 21. Rdf1 Rdg8 22. Nh4 Nd4 23. Qf2 Rg5 24. Nf3 Nxf3 25. Qxf3 Rh7 26. Rf2 Rhg7 27. Qe3 b6 28. Rhf1 Rxh5 29. Rf6 Qd7 30. Rxh6 Rxh6 31. Qxh6 Rxg2 32. Qf6 Qa4 33. Rf2 Rxf2 34. Qxf2 Qd1+ 35. Ka2 Qxd3 36. Qxf7 Qxe4 37. Qg8+ Kb7 38. Kb3 Qd3+ 39. Ka2 e4 40. Qe6 e3 41. a4 e2 42. a5 b5 43. cxb5 axb5 44. a6+ Kb6 45. Qe8 Qd5+ 46. Ka3 Kxa6 47. Qxe2 Qc5+ 48. Kb3 d5 49. Qe6+ c6 50. Qc8+ Ka5 51. Qa8+ Kb6 52. Qb8+ Ka6 53. Qc8+ Ka7 54. Qc7+ Ka8 55. Qc8+ Ka7 56. Qc7+ Ka6 57. Qc8+ 1/2-1/2


[Site "https://www.chess.com"]

[Event "Titled Tuesday Blitz May 9 Early 2023"]
[White "Rakotomaharo, Fy Antenaina"]
[Black "cristianserban1"]
[WhiteFideId "13100050"]
[WhiteElo "2427"]
[BlackElo "2497"]
[Result "1-0"]
[Round "07"]
[TimeControl "180+2"]
[Date "2023.05.09"]
[WhiteClock "0:02:06"]
[BlackClock "0:01:02"]

1. e4 c6 2. Nf3 d5 3. d3 Bg4 4. h3 Bxf3 5. Qxf3 g6 6. Nc3 e6 7. g3 Bg7 8. Bg2 Nd7 9. O-O Ne7 10. h4 h5 11. Bg5 f6 12. Bd2 O-O 13. Rae1 d4 14. Nb1 e5 15. Qd1 f5 16. exf5 Nxf5 17. Bg5 Bf6 18. Bxf6 Qxf6 19. Nd2 Rae8 20. c3 Qd8 21. Qb3+ Kh7 22. Qxb7 Qb6 23. Qxd7+ Re7 24. Qxc6 1-0


[Site "https://www.chess.com"]

[Event "Titled Tuesday Blitz May 9 Early 2023"]
[White "Jaskolka, Tomasz"]
[Black "Starozhilov, Leonid"]
[WhiteFideId "1170791"]
[BlackFideId "14106752"]
[WhiteElo "2155"]
[BlackElo "2352"]
[Result "1/2-1/2"]
[Round "07"]
[TimeControl "180+2"]
[Date "2023.05.09"]
[WhiteClock "0:00:06"]
[BlackClock "0:00:11"]

1. d4 Nf6 2. Nc3 d6 3. e4 Nbd7 4. Nf3 e5 5. Bc4 Be7 6. g4 Nb6 7. Bb5+ c6 8. g5 cxb5 9. gxf6 Bxf6 10. dxe5 dxe5 11. Qxd8+ Kxd8 12. Nxb5 Bg4 13. Ng5 Bxg5 14. Bxg5+ f6 15. Rg1 Bd7 16. O-O-O Ke7 17. Be3 Bxb5 18. Rxg7+ Kf8 19. Rxb7 Rc8 20. Rd6 Rg8 21. Rxf6+ Ke8 22. Re6+ Kd8 23. Rxa7 Nc4 24. c3 Nxe3 25. fxe3 Rc7 26. Ra8+ Rc8 27. Ra7 Rc7 28. Ra8+ Rc8 29. Ra5 Bd7 30. Rexe5 Rg1+ 31. Kc2 Rg2+ 32. Kd3 Rxb2 33. Rh5 Rb1 34. Rxh7 Rd1+ 35. Ke2 Rc1 36. Rd5 Rc7 37. Kd2 Rb1 38. Rg5 Rb2+ 39. Kc1 Rxa2 40. Rg8+ Be8 41. Rxc7 Kxc7 42. Rxe8 Rxh2 43. Re5 Kd6 44. Rd5+ Kc6 45. Rd4 Kc5 46. Rd2 Rh3 47. Re2 Rh4 48. Kc2 Rxe4 49. Kd3 Re8 50. e4 Rd8+ 51. Ke3 Rh8 52. Kf4 Kd6 53. e5+ Ke6 54. Ke4 Rh4+ 55. Kd3 Rh3+ 56. Kd4 Rh1 57. c4 Rd1+ 58. Kc5 Rd8 59. Kb5 Rb8+ 60. Kc5 Rc8+ 61. Kd4 Rd8+ 62. Kc3 Rc8 63. Kb4 Rb8+ 64. Ka3 Ra8+ 65. Kb3 Rb8+ 66. Kc3 Rc8 67. Re1 Rc7 68. Kb4 Rc8 69. c5 Kd5 70. e6 Rb8+ 71. Kc3 Kxc5 72. e7 Re8 73. Kd3 Kd6 74. Kd4 Rxe7 75. Rxe7 Kxe7 1/2-1/2


[Site "https://www.chess.com"]

[Event "Titled Tuesday Blitz May 9 Early 2023"]
[White "Harshavardhan G B"]
[Black "Bethke, Richard"]
[WhiteFideId "25059009"]
[BlackFideId "12959243"]
[WhiteElo "2323"]
[BlackElo "2369"]
[Result "1-0"]
[Round "07"]
[TimeControl "180+2"]
[Date "2023.05.09"]
[WhiteClock "0:01:19"]
[BlackClock "0:00:11"]

1. e4 c5 2. Nc3 Nc6 3. Bb5 Nd4 4. Bc4 a6 5. a4 e6 6. Nge2 Ne7 7. Nxd4 cxd4 8. Ne2 Nc6 9. O-O Be7 10. d3 O-O 11. f4 d5 12. exd5 exd5 13. Bb3 Bc5 14. Ng3 Re8 15. Qf3 Nb4 16. Bd2 Qb6 17. Kh1 Bd7 18. f5 Rac8 19. Nh5 Bf8 20. Qg3 Nxc2 21. Bxc2 Rxc2 22. Nxg7 Bxg7 23. f6 Qxf6 24. Rxf6 Rxd2 25. Raf1 Re3 26. Qg5 Be6 27. Rxe6 Rxe6 28. Qxd2 1-0


[Site "https://www.chess.com"]

[Event "Titled Tuesday Blitz May 9 Early 2023"]
[White "Leiva, Gianmarco"]
[Black "feuervogel1000000"]
[WhiteFideId "3804399"]
[WhiteElo "2365"]
[BlackElo "2467"]
[Result "1-0"]
[Round "07"]
[TimeControl "180+2"]
[Date "2023.05.09"]
[WhiteClock "0:02:03"]
[BlackClock "0:01:10"]

1. d4 Nf6 2. c4 e6 3. Nc3 Bb4 4. e3 O-O 5. Bd3 d5 6. a3 Bxc3+ 7. bxc3 c5 8. cxd5 exd5 9. Ne2 b6 10. O-O Ba6 11. Ng3 Bxd3 12. Qxd3 Nc6 13. f3 Re8 14. Bb2 Qd7 15. e4 dxe4 16. fxe4 Rad8 17. Rxf6 gxf6 18. Nh5 Qd6 19. Rf1 Kh8 20. Nxf6 Re6 21. e5 Rxf6 22. exd6 1-0


[Site "https://www.chess.com"]

[Event "Titled Tuesday Blitz May 9 Early 2023"]
[White "Ljukin, Sergei"]
[Black "Zhu, Jiner"]
[WhiteFideId "14102200"]
[BlackFideId "8608059"]
[WhiteElo "2312"]
[BlackElo "2384"]
[Result "1-0"]
[Round "07"]
[TimeControl "180+2"]
[Date "2023.05.09"]
[WhiteClock "0:00:31"]
[BlackClock "0:00:47"]

1. e4 e5 2. Nf3 Nc6 3. Bb5 a6 4. Ba4 Nf6 5. Qe2 b5 6. Bb3 Be7 7. c3 d6 8. O-O O-O 9. d4 Bg4 10. Rd1 Qc8 11. a4 Rb8 12. a5 exd4 13. cxd4 Re8 14. h3 Bh5 15. Bf4 Bf8 16. Nc3 b4 17. Nd5 Nxe4 18. Qc2 Qf5 19. Qxc6 Bxf3 20. gxf3 Qxh3 21. fxe4 Rxe4 22. Nf6+ gxf6 23. Qxe4 1-0


[Site "https://www.chess.com"]

[Event "Titled Tuesday Blitz May 9 Early 2023"]
[White "Rottenwohrer Suarez, Juan"]
[Black "Sammed Jaykumar, Shete"]
[WhiteFideId "32068182"]
[BlackFideId "5073421"]
[WhiteElo "2174"]
[BlackElo "2278"]
[Result "0-1"]
[Round "07"]
[TimeControl "180+2"]
[Date "2023.05.09"]
[WhiteClock "0:00:00"]
[BlackClock "0:00:25"]

1. d4 Nf6 2. c4 c6 3. Nc3 d5 4. Nf3 e6 5. Bg5 Nbd7 6. e3 Bd6 7. Bd3 dxc4 8. Bxc4 b5 9. Bd3 Bb7 10. O-O O-O 11. Ne4 Be7 12. Rc1 a6 13. Nxf6+ Nxf6 14. Ne5 c5 15. dxc5 Qd5 16. c6 Qxe5 17. cxb7 Rad8 18. Bf4 Qxb2 19. b8=Q Rxb8 20. Bxb8 Rxb8 21. Qc2 Qe5 22. Qc7 Qxc7 23. Rxc7 Nd5 24. Ra7 Bf8 25. Rxa6 Nb4 26. Ra3 Nc6 27. Rb3 b4 28. Rfb1 Rd8 29. Be4 Ne5 30. g3 f5 31. Bg2 g5 32. h4 g4 33. R3b2 Kg7 34. Rc2 Kf6 35. Bf1 Nf3+ 36. Kg2 h6 37. Be2 Ne5 38. Rd1 Ra8 39. Rdd2 Be7 40. Rd1 Ra3 41. Bc4 Nxc4 42. Rxc4 Rxa2 43. Rd7 b3 44. Rb7 b2 45. Rcc7 Ba3 46. Rc2 b1=Q 47. Rxb1 Rxc2 48. Ra1 Bc5 49. Ra4 Bxe3 0-1


[Site "https://www.chess.com"]

[Event "Titled Tuesday Blitz May 9 Early 2023"]
[White "Fernandez Garcia, Gumersindo"]
[Black "Djokic, Mihailo"]
[WhiteFideId "24516740"]
[BlackFideId "976440"]
[WhiteElo "2093"]
[BlackElo "2294"]
[Result "0-1"]
[Round "07"]
[TimeControl "180+2"]
[Date "2023.05.09"]
[WhiteClock "0:00:18"]
[BlackClock "0:01:13"]

1. e4 c5 2. c3 Nf6 3. e5 Nd5 4. d4 cxd4 5. Nf3 d6 6. cxd4 e6 7. Bc4 Nc6 8. O-O Be7 9. Qe2 O-O 10. Bd2 Bd7 11. Rd1 Rc8 12. Nc3 Nxc3 13. Bxc3 a6 14. a3 b5 15. Ba2 Qc7 16. Rac1 Qb7 17. exd6 Bxd6 18. d5 exd5 19. Bxd5 Qb8 20. Qd2 Bf4 21. Qc2 Bg4 22. h3 Bh5 23. Ra1 Bg6 24. Qb3 Ne7 25. Nh4 Nxd5 26. Nxg6 Nxc3 27. bxc3 hxg6 28. Rd7 Qe5 29. Rad1 Rxc3 30. Qa2 Rc7 31. Rd8 Rxd8 32. Rxd8+ Kh7 33. g3 Rc1+ 34. Kg2 Qe4+ 35. f3 Rc2+ 0-1


[Site "https://www.chess.com"]

[Event "Titled Tuesday Blitz May 9 Early 2023"]
[White "Nissinen, Niilo Man"]
[Black "djokovic74"]
[WhiteFideId "30950767"]
[WhiteElo "1952"]
[BlackElo "2689"]
[Result "1-0"]
[Round "07"]
[TimeControl "180+2"]
[Date "2023.05.09"]
[WhiteClock "0:00:10"]
[BlackClock "0:00:02"]

1. e4 e6 2. d4 d5 3. e5 c5 4. c3 Nc6 5. Nf3 Nge7 6. Na3 Nf5 7. Nc2 cxd4 8. cxd4 Qb6 9. Bd3 Bd7 10. O-O a5 11. Bxf5 exf5 12. Ne3 Be6 13. g3 Be7 14. Ng2 h6 15. h4 O-O 16. Re1 Rfc8 17. Nf4 Nb4 18. Re2 Rc7 19. Nxe6 fxe6 20. Be3 Rac8 21. Ne1 Qb5 22. a3 Nc6 23. Nd3 Nd8 24. h5 Qe8 25. Nf4 Bg5 26. Ng6 Bxe3 27. Rxe3 Rc2 28. Rb3 Qd7 29. Qd3 Nf7 30. Rb6 Ng5 31. Kg2 Ne4 32. Rf1 Kh7 33. Qb5 Qxb5 34. Rxb5 R8c7 35. Nf8+ Kg8 36. Nxe6 R7c6 37. Nf4 Rd2 38. Nxd5 Rcc2 39. Rxb7 Rxf2+ 40. Rxf2 Rxf2+ 41. Kg1 Rd2 42. Ne7+ Kf7 43. Ng6+ Ke6 44. Re7+ Kd5 45. Rd7+ Kc4 46. e6 Nxg3 47. e7 Re2 48. Ne5+ Kb3 49. e8=Q f4 50. Qb8+ Kc2 51. Rc7+ Kb1 52. Qb3 f3 53. Qd3+ Ka1 54. Rc1+ Ka2 55. Qc4+ Kxb2 56. Qc3+ Ka2 57. Ra1# 1-0


[Site "https://www.chess.com"]

[Event "Titled Tuesday Blitz May 9 Early 2023"]
[White "Moore, Nicholas"]
[Black "Morefield, Jason"]
[WhiteFideId "4303709"]
[BlackFideId "30920825"]
[WhiteElo "2529"]
[BlackElo "2171"]
[Result "0-1"]
[Round "07"]
[TimeControl "180+2"]
[Date "2023.05.09"]
[WhiteClock "0:00:07"]
[BlackClock "0:00:34"]

1. d4 Nf6 2. c4 e6 3. Nf3 d5 4. g3 dxc4 5. Bg2 a6 6. a4 Nc6 7. O-O Bd6 8. Nbd2 O-O 9. Nxc4 Bd7 10. Nfe5 Bxe5 11. dxe5 Nd5 12. Bxd5 exd5 13. Qxd5 Bh3 14. Qxd8 Raxd8 15. Re1 Nd4 16. Na3 Nxe2+ 17. Kh1 Bg4 18. h3 Bf3+ 19. Kh2 Rd3 20. Be3 Re8 21. Nc4 Nd4 22. Bxd4 Rxd4 23. Rac1 h5 24. Re3 Bd5 25. b3 Re6 26. Re2 Rc6 27. Rcc2 Rd1 28. g4 h4 0-1


[Site "https://www.chess.com"]

[Event "Titled Tuesday Blitz May 9 Early 2023"]
[White "Kaasen, Tor Fredrik"]
[Black "Nguyen, Hong Anh"]
[WhiteFideId "1516647"]
[BlackFideId "12406732"]
[WhiteElo "2349"]
[BlackElo "2054"]
[Result "1-0"]
[Round "07"]
[TimeControl "180+2"]
[Date "2023.05.09"]
[WhiteClock "0:02:31"]
[BlackClock "0:01:06"]

1. e4 c5 2. Nf3 Nc6 3. Bb5 g6 4. O-O Bg7 5. c3 Nf6 6. Re1 O-O 7. d4 d5 8. e5 Ne4 9. Be3 Qb6 10. Bxc6 bxc6 11. Qc1 Rb8 12. b3 cxd4 13. cxd4 Bg4 14. Nfd2 Rfc8 15. Nxe4 dxe4 16. Nc3 c5 17. Na4 cxd4 18. Qxc8+ Bxc8 19. Nxb6 dxe3 20. Nxc8 exf2+ 21. Kxf2 Rxc8 22. Rac1 Rxc1 23. Rxc1 Bxe5 24. b4 f5 25. a4 f4 26. Rc4 e3+ 27. Kf3 Kf7 28. b5 Ke6 29. a5 Kd5 30. b6 axb6 31. a6 Kxc4 32. a7 Kd3 33. a8=Q e2 34. Qe4+ 1-0


[Site "https://www.chess.com"]

[Event "Titled Tuesday Blitz May 9 Early 2023"]
[White "surrenderPLS"]
[Black "Goltsev, Dmitry"]
[BlackFideId "24176710"]
[WhiteElo "2521"]
[BlackElo "2356"]
[Result "0-1"]
[Round "07"]
[TimeControl "180+2"]
[Date "2023.05.09"]
[WhiteClock "0:00:14"]
[BlackClock "0:00:58"]

1. e4 e6 2. d4 d5 3. Nc3 c5 4. exd5 exd5 5. Bb5+ Nc6 6. dxc5 Nf6 7. Nf3 Bxc5 8. O-O O-O 9. Bg5 Bg4 10. h3 Bh5 11. g4 Bg6 12. Bxf6 Qxf6 13. Qxd5 Bb6 14. Kg2 Bxc2 15. Rac1 Rad8 16. Qg5 Qxg5 17. Nxg5 Nd4 18. Nf3 Bg6 19. Nxd4 Rxd4 20. Rfd1 Rfd8 21. Rxd4 Rxd4 22. Rd1 a6 23. Rxd4 Bxd4 24. Be2 Kf8 25. f4 f6 26. Bf3 b5 27. a3 Bd3 28. Bb7 a5 29. Ba6 Bxc3 30. bxc3 Ke7 31. Kf3 Kd6 32. Ke3 Bf1 33. h4 Kc5 34. g5 Bh3 35. Bb7 Kc4 36. Kd2 Kb3 37. Bc6 Bf1 38. Be4 h6 39. gxh6 gxh6 40. Bd5+ Kxa3 41. Kc2 Bc4 42. Be4 Be6 43. Bd3 b4 44. cxb4 axb4 45. Kb1 Kb3 46. f5 Bd5 47. Kc1 Kc3 48. Be2 Be4 49. Bd1 b3 50. Bxb3 Kxb3 51. Kd2 Bxf5 52. Ke3 Kc4 53. Kf4 Bg6 54. h5 Bxh5 55. Kf5 Bf3 56. Kxf6 h5 57. Kf5 Bg4+ 58. Kf4 Kd4 59. Kg3 Ke5 60. Kh2 Kf4 61. Kg1 Kg3 62. Kh1 h4 63. Kg1 h3 64. Kh1 Bf3+ 65. Kg1 h2+ 66. Kf1 h1=Q# 0-1


[Site "https://www.chess.com"]

[Event "Titled Tuesday Blitz May 9 Early 2023"]
[White "Lehtosaari, Mauri"]
[Black "Mitusov, Semen"]
[WhiteFideId "501999"]
[BlackFideId "14151049"]
[WhiteElo "2518"]
[BlackElo "2389"]
[Result "0-1"]
[Round "07"]
[TimeControl "180+2"]
[Date "2023.05.09"]
[WhiteClock "0:00:00"]
[BlackClock "0:00:51"]

1. d4 d5 2. Nf3 Nf6 3. Bg5 e6 4. e3 Be7 5. Nbd2 b6 6. c3 Bb7 7. Bd3 c5 8. Ne5 O-O 9. Qf3 Nbd7 10. Qh3 Nxe5 11. dxe5 Ne4 12. Bxe7 Qxe7 13. f3 Ng5 14. Qg3 f5 15. h4 Nf7 16. O-O-O Rfd8 17. Qf2 Rac8 18. Kb1 Nxe5 19. Bc2 Ba6 20. Nb3 Qf6 21. Qg3 Nc6 22. h5 e5 23. h6 g6 24. Qf2 Rd6 25. f4 e4 26. Rhg1 d4 27. exd4 cxd4 28. cxd4 Nb4 29. Rd2 Nxc2 30. Rxc2 Bd3 31. Rc1 Rdc6 32. Na1 Qe7 33. d5 Rc5 34. Qd2 Qc7 35. g4 fxg4 36. f5 Qd6 37. fxg6 Qxg6 38. Nb3 Rxc2 39. Rxc2 e3 40. Qh2 Bxc2+ 0-1


[Site "https://www.chess.com"]

[Event "Titled Tuesday Blitz May 9 Early 2023"]
[White "Staudenhocker43"]
[Black "Parkhov, Yair"]
[BlackFideId "2813408"]
[WhiteElo "2511"]
[BlackElo "2421"]
[Result "1-0"]
[Round "07"]
[TimeControl "180+2"]
[Date "2023.05.09"]
[WhiteClock "0:00:09"]
[BlackClock "0:00:21"]

1. c4 Nf6 2. Nc3 c5 3. Nf3 Nc6 4. e3 a6 5. d4 cxd4 6. exd4 d5 7. Bg5 Be6 8. c5 Ne4 9. Bf4 Bg4 10. Be2 e6 11. O-O Be7 12. h3 Bh5 13. Ne5 Bxe2 14. Nxe2 O-O 15. Nxc6 bxc6 16. b4 Bg5 17. Bxg5 Qxg5 18. Qd3 Qd2 19. Rfd1 Qxb4 20. Rab1 Qa5 21. Rb6 Rfc8 22. Qb3 Nd2 23. Qb4 Qxb4 24. Rxb4 Nc4 25. Rdb1 Kf8 26. f4 Rc7 27. Kf2 Ke7 28. Nc1 Nd2 29. R1b2 Ne4+ 30. Ke3 Nc3 31. Kd2 a5 32. Rb8 Rxb8 33. Rxb8 Ne4+ 34. Ke3 h5 35. g4 hxg4 36. hxg4 g6 37. Nd3 Nf6 38. Ne5 Nd7 39. Nxd7 Kxd7 40. g5 Ra7 41. a4 Ke7 42. Kd3 Kd7 43. Ke3 Ke7 44. Kf3 Kd7 45. Kg4 Ke7 46. Rb2 Kd7 47. Rb6 Kc7 48. Kg3 Ra8 49. Kg4 Ra7 50. Kf3 Ra8 51. Kg4 Rh8 52. Ra6 Kb7 53. Rb6+ Kc7 54. Ra6 Rb8 55. Ra7+ Rb7 56. Rxa5 Kb8 57. Ra6 Rc7 58. Rb6+ Ka7 59. a5 Rc8 60. Kf3 Rc7 61. Ke3 Rc8 62. a6 Rc7 63. Kd3 Ka8 64. Kc3 Ka7 65. Kb4 Ka8 66. Ka5 Ka7 67. Rb2 Ka8 68. Kb6 Rc8 69. Rh2 Kb8 70. Rh7 Ka8 71. Rxf7 Kb8 72. Rg7 Ka8 73. Rxg6 e5 74. fxe5 Rb8+ 75. Kxc6 Ka7 76. Kxd5 Ka8 77. Ke4 Rd8 78. Rf6 Re8 79. g6 Kb8 80. g7 Kc7 81. Rf8 Re7 82. g8=Q Kc6 83. Qd5+ Kb5 84. Qb7+ Ka4 85. Qxe7 Ka3 86. a7 Ka4 87. a8=Q+ Kb3 88. Qd5+ Kc2 89. Qc4+ Kd1 90. Rf1+ Kd2 91. Qd3# 1-0


[Site "https://www.chess.com"]